Get step-by-step instructions on how to execute this build order below. Start the game timer, and the build order will tick by so you can play in parallel with StarCraft on a second screen or mobile device.

Game Time

  0:00

Last Step

  N/A

Next Step

  12  0:00  SCV  

Upcoming Step

  13  0:12  SCV  

Don't want to look back and forth between 2 screens? Try out our Overwolf App, the Spawning Tool Build Advisor to get an in-game overlay with this build!

Complete Build Order

  12  0:00  SCV  
  13  0:12  SCV  
  14  0:17  Supply Depot  
  14  0:24  SCV  
  15  0:38  SCV  
  15  0:40  Barracks  
  15  0:42  Refinery  
  16  0:50  SCV  
  17  1:02  SCV  
  18  1:14  SCV  
  19  1:26  Orbital Command  
  19  1:27  Reaper  
  20  1:36  Command Center  
  20  1:46  Supply Depot  
  20  1:52  SCV  
  21  1:59  Marine  
  22  2:04  SCV  
  23  2:15  Command Center  
  23  2:18  Barracks Reactor  
  23  2:20  SCV  
  24  2:32  SCV  
  25  2:39  Barracks  
  25  2:44  SCV  
  25  2:47  Orbital Command, Barracks  
  26  2:54  Marine x2  
  28  2:58  SCV  
  29  3:11  SCV  
  29  3:12  Marine x2  
  30  3:13  SCV  
  33  3:23  SCV  
  33  3:25  SCV  
  33  3:26  Barracks Tech Lab  
  35  3:27  Orbital Command  
  35  3:32  Marine x2  
  35  3:33  Refinery  
  37  3:35  SCV, Barracks Reactor  
  37  3:37  SCV  
  39  3:42  Factory  
  39  3:44  Marine  
  39  3:45  Stimpack  
  39  3:46  Supply Depot  
  40  3:49  Marine  
  40  3:50  SCV, Marine  
  40  3:52  SCV  
  40  3:53  SCV  
  45  4:02  SCV, Marine  
  47  4:04  SCV  
  47  4:06  Refinery  
  47  4:07  Marine x2  
  47  4:09  Supply Depot  
  50  4:11  Marine x2  
  50  4:14  SCV  
  53  4:19  SCV  
  53  4:20  SCV, Marine  
  56  4:25  Marine x2  
  56  4:26  Factory Reactor  
  56  4:27  Starport  
  58  4:32  SCV, Engineering Bay  
  58  4:33  Engineering Bay  
  58  4:34  SCV  
  58  4:35  SCV  
  58  4:36  Marine  
  62  4:38  Marine  
  62  4:39  Marine  
  62  4:43  Marine  
  62  4:44  SCV  
  66  4:46  Supply Depot, SCV  
  66  4:49  SCV  
  66  4:52  Marine  
  69  4:57  SCV  
  69  4:58  SCV  
  69  4:59  Terran Infantry Weapons Level 1, Terran Infantry Armor Level 1  
  71  5:03  Refinery  
  71  5:04  Orbital Command  
  71  5:09  Supply Depot, SCV  
  71  5:11  SCV, Marine  
  74  5:15  Medivac x2  
  74  5:17  Factory Tech Lab  
  74  5:21  SCV  
  79  5:23  SCV  
  79  5:25  Barracks  
  79  5:26  Barracks  
  80  5:29  Marine x2  
  80  5:32  SCV  
  80  5:33  SCV  
  84  5:36  SCV  
  84  5:37  Supply Depot  
  84  5:39  Combat Shield  
  85  5:46  Siege Tank  
  85  5:47  Marine x2  
  90  5:50  SCV  
  90  5:53  Supply Depot  
  90  5:54  Supply Depot, Medivac  
  93  5:58  SCV x2  
  93  6:02  Armory  
  93  6:03  Medivac  
  97  6:08  Supply Depot, Marine x3  
  100  6:12  SCV  
  100  6:14  SCV x2  
  103  6:20  Supply Depot x2  
  103  6:22  Marine  
  103  6:23  Barracks Reactor  
  103  6:24  SCV, Barracks Reactor  
  105  6:27  Siege Tank  
  105  6:31  SCV x2  
  110  6:34  Medivac  
  110  6:36  SCV  
  113  6:43  Supply Depot, Barracks  
  113  6:44  Marine x2  
  113  6:45  Marine  
  116  6:47  Barracks x2  
  116  6:50  SCV  
  116  6:53  Marine x2  
  119  6:59  Supply Depot  
  117  7:02  Marine x6  
  117  7:03  Siege Tank  
  117  7:08  Medivac x2  
  129  7:10  Marine  
  129  7:11  Marine x2  
  132  7:15  SCV  
  132  7:19  Marine  
  132  7:22  Marine x4  
  136  7:25  Supply Depot  
  136  7:27  Refinery  
  138  7:31  Marine  
  138  7:32  Marine x3  
  138  7:34  Marine x2  
  138  7:37  Supply Depot  
  144  7:39  Marine  
  144  7:40  Marine x2  
  144  7:42  Marine x2  
  149  7:44  Marine  
  149  7:49  Marine x2  
  152  7:53  Supply Depot  
  152  7:56  Marine x4  
  152  7:57  Marine x2  
  152  7:58  Marine  
  159  7:59  Marine x2  
  159  8:02  Marine  
  159  8:04  Supply Depot  
  162  8:07  Marine x2  
  162  8:10  Siege Tank  
  166  8:14  Marine x4  
  166  8:15  Marine, Medivac x2  
  161  8:28  Marine x5  
  161  8:32  Marine x2  
  155  8:38  Command Center  
  155  8:41  Marine  
  155  8:46  Marine  
  155  8:47  Marine x4